2998 views
Uploaded 2020-02-09 19:23:55
Game version 1.32 / 1.32.1
15:02 long 1on1 custom game on (2)ConcealedHill
Game name "sonik"
Saved by Ze1Ko
2998 views
Uploaded 2020-02-09 19:23:55
Game version 1.32 / 1.32.1
15:02 long 1on1 custom game on (2)ConcealedHill
Game name "sonik"

31 units @ 3.9k
/ 0.9k
14 buildings @ 2.5k
/ 1k



| Lesser Clarity Potion | 1 | 70 |
| Staff of Preservation | 1 | 150 |
| total: | 2 | 220g |
| Wisp | 14 | 840 | / | 0 |
| Archer | 5 | 650 | / | 50 |
| Dryad | 6 | 870 | / | 360 |
| Druid of the Claw | 6 | 1530 | / | 480 |
| total: | 31 | 3890g | / | 890w |
| Altar of Elders | 1 | 180 | / | 50 |
| Moon Well | 6 | 1080 | / | 240 |
| Ancient of War | 1 | 150 | / | 60 |
| Hunter's Hall | 1 | 210 | / | 100 |
| Ancient of Wonders | 2 | 180 | / | 60 |
| Tree of Life | 1 | 340 | / | 185 |
| Ancient of Lore | 2 | 310 | / | 290 |
| Tree of Ages | 1 | 320 | / | 180 |
| Tree of Eternity | 1 | 330 | / | 200 |
| total: | 14 | 2450g | / | 985w |
| 0:01 | Wisp |
| 0:02 | Altar of Elders |
| 0:08 | Wisp |
| 0:15 | Moon Well |
| 0:21 | Ancient of War |
| 0:30 | Wisp |
| 0:38 | Wisp |
| 0:45 | Wisp |
| 0:51 | Wisp |
| 0:58 | Wisp |
| 1:09 | Wisp |
| 1:21 | Archer |
| 1:33 | Moon Well |
| 1:35 | Wisp |
| 1:40 | Wisp |
| 2:25 | Wisp |
| 2:40 | Wisp |
| 2:49 | Force of Nature |
| 3:00 | Moon Well |
| 3:10 | Entangling Roots |
| 3:14 | Tree of Ages |
| 3:19 | Archer |
| 3:37 | Archer |
| 3:45 | Archer |
| 4:09 | Moon Well |
| 4:18 | Archer |
| 4:41 | Hunter's Hall |
| 5:40 | Wisp |
| 5:51 | Ancient of Lore |
| 6:10 | Tree of Eternity |
| 6:39 | Ancient of Lore |
| 6:46 | Breath of Fire |
| 7:02 | Abolish Magic |
| 7:12 | Ancient of Wonders |
| 7:15 | Dryad |
| 7:26 | Drunken Haze |
| 7:54 | Dryad |
| 7:55 | Dryad |
| 7:56 | Druid of the Claw Adept Training |
| 8:18 | Druid of the Claw |
| 8:33 | Druid of the Claw |
| 8:53 | Druid of the Claw Master Training |
| 9:02 | Force of Nature |
| 9:29 | Breath of Fire |
| 9:40 | Moon Well |
| 9:42 | Ancient of Wonders |
| 9:57 | Strength of the Wild |
| 9:59 | Wisp |
| 10:08 | Moon Well |
| 10:34 | Druid of the Claw |
| 11:10 | Druid of the Claw |
| 11:21 | Lesser Clarity Potion |
| 11:32 | Staff of Preservation |
| 11:52 | Druid of the Claw |
| 12:12 | Dryad |
| 12:45 | Dryad |
| 12:59 | Entangling Roots |
| 13:00 | Drunken Haze |
| 13:01 | Dryad |
| 13:50 | Rain of Fire |
| 14:29 | Mark of the Claw |
| 15:12 | Druid of the Claw |
| 15:20 | Cleaving Attack |
| 15:23 | Tree of Life |
| Select group | 1846 |
| Right click | 1373 |
| Select | 1056 |
| Misc. action | 327 |
| Use ability | 170 |
| Assign group | 107 |
| Build/train/purchase | 85 |
| Item give/drop | 4 |
| Chat | 3 |
| Esc | 1 |
38 units @ 5.7k
/ 0.6k
14 buildings @ 1.5k
/ 0.5k


| Dust of Appearance | 1 | 75 |
| Scroll of Healing | 3 | 750 |
| Potion of Lesser Invulnerability | 1 | 150 |
| total: | 5 | 975g |
| Peasant | 9 | 675 | / | 0 |
| Footman | 5 | 675 | / | 0 |
| Rifleman | 15 | 3075 | / | 450 |
| Priest | 7 | 945 | / | 70 |
| Sorceress | 2 | 310 | / | 40 |
| total: | 38 | 5680g | / | 560w |
| Scout Tower | 1 | 30 | / | 20 |
| Arcane Tower | 1 | 70 | / | 50 |
| Altar of Kings | 1 | 180 | / | 50 |
| Farm | 7 | 560 | / | 140 |
| Barracks | 1 | 160 | / | 60 |
| Blacksmith | 1 | 140 | / | 60 |
| Lumber Mill | 1 | 120 | / | 0 |
| Arcane Vault | 1 | 130 | / | 30 |
| Arcane Sanctum | 1 | 150 | / | 140 |
| Keep | 1 | 320 | / | 210 |
| total: | 14 | 1470g | / | 500w |
| 0:01 | Peasant |
| 0:06 | Altar of Kings |
| 0:13 | Peasant |
| 0:17 | Farm |
| 0:19 | Barracks |
| 0:31 | Peasant |
| 0:39 | Peasant |
| 0:48 | Peasant |
| 1:02 | Farm |
| 1:12 | Peasant |
| 1:20 | Footman |
| 1:38 | Peasant |
| 1:39 | Farm |
| 1:40 | Footman |
| 1:54 | Peasant |
| 2:23 | Footman |
| 2:27 | Summon Water Elemental |
| 2:48 | Footman |
| 3:13 | Peasant |
| 3:19 | Brilliance Aura |
| 3:34 | Scout Tower |
| 3:35 | Keep |
| 3:58 | Footman |
| 4:24 | Arcane Tower |
| 4:53 | Blacksmith |
| 4:54 | Farm |
| 5:12 | Lumber Mill |
| 5:25 | Summon Water Elemental |
| 5:51 | Dust of Appearance |
| 6:00 | Arcane Sanctum |
| 6:32 | Rifleman |
| 6:33 | Farm |
| 7:01 | Rifleman |
| 7:02 | Long Rifles |
| 7:02 | Rifleman |
| 7:03 | Farm |
| 7:06 | Priest |
| 7:07 | Priest |
| 7:10 | Storm Bolt |
| 7:21 | Farm |
| 7:44 | Arcane Vault |
| 7:45 | Priest Adept Training |
| 7:50 | Rifleman |
| 7:54 | Black Gunpowder |
| 7:57 | Bash |
| 8:29 | Rifleman |
| 8:29 | Priest |
| 8:53 | Storm Bolt |
| 9:06 | Scroll of Healing |
| 9:07 | Potion of Lesser Invulnerability |
| 9:08 | Rifleman |
| 9:09 | Priest |
| 9:40 | Rifleman |
| 10:29 | Brilliance Aura |
| 10:44 | Rifleman |
| 10:45 | Sorceress |
| 10:45 | Priest |
| 11:09 | Rifleman |
| 11:31 | Rifleman |
| 11:32 | Refined Gunpowder |
| 11:51 | Sorceress Adept Training |
| 11:57 | Scroll of Healing |
| 12:47 | Rifleman |
| 13:03 | Scroll of Healing |
| 13:21 | Bash |
| 13:28 | Rifleman |
| 13:47 | Rifleman |
| 13:48 | Sorceress |
| 13:48 | Priest |
| 14:13 | Rifleman |
| 14:35 | Rifleman |
| 14:36 | Priest |
| Right click | 1174 |
| Select group | 844 |
| Select | 728 |
| Misc. action | 128 |
| Build/train/purchase | 114 |
| Assign group | 81 |
| Use ability | 31 |
| Chat | 20 |
| Item give/drop | 4 |
| Remove unit | 2 |
| Esc | 1 |